 Dungeon Crawl Stone Soup version 0.19-a0-14-gde87d98 (webtiles) character file.

21 Duffy the Chopper (level 3, 0/27 HPs)
             Began as a Formicid Warper on Apr 29, 2016.
             Slain by a rat (3 damage)
             ... on level 1 of the Dungeon.
             The game lasted 00:01:00 (614 turns).

Duffy the Chopper (Formicid Warper)                  Turns: 614, Time: 00:01:00

Health: 0/27       AC:  4    Str: 21    XL:     3   Next: 5%
Magic:  6/6        EV:  7    Int: 12    God:
Gold:   44         SH: 12    Dex: 10    Spells: 1 memorised, 5 levels left

rFire  . . .     SeeInvis +     a - +0 hand axe
rCold  . . .     Gourm    .     b - +0 leather armour
rNeg   . . .     Faith    .     i - +0 large shield
rPois  .         Spirit   .     (helmet unavailable)
rElec  .         Dismiss  .     (no cloak)
rCorr  .         Reflect  .     g - +0 pair of gloves
SustAt +         Harm     .     (no boots)
MR     .....                    (no amulet)
Stlth  +.........               l - +5 ring of strength
                                h - ring of sustain attributes

@: not resistant to hostile enchantments, very unstealthy
A: permanent stasis, dig shafts and tunnels, four strong arms, antennae 3
a: Dig, Shaft Self


You were on level 1 of the Dungeon.
You were not hungry.

You visited 1 branch of the dungeon, and saw 1 of its levels.

You collected 44 gold pieces.


Innate Abilities, Weirdness & Mutations

You are under a permanent stasis effect.
You can dig through walls and to a lower floor.
Your four strong arms can wield two-handed weapons with a shield.
You have a pair of large antennae on your head (SInv).


   Skills:
 - Level 2.1 Fighting
 + Level 2.9 Axes
 - Level 1.0 Throwing
 - Level 1.1 Armour
 - Level 1.7 Dodging
 + Level 1.4 Shields
 - Level 2.1 Spellcasting
 - Level 2.6 Translocations


You had 5 spell levels left.
You knew the following spells:

 Your Spells              Type           Power        Failure   Level  Hunger
a - Apportation           Tloc           #.........   99%         1    ##.....

Inventory:

Hand Weapons
 a - a +0 hand axe (weapon)
Missiles
 e - 5 tomahawks of dispersal (quivered)
Armour
 b - a +0 leather armour (worn)
 g - a +0 pair of gloves (worn)
 i - a +0 large shield (worn)
Jewellery
 h - a ring of sustain attributes (left hand)
 l - a +5 ring of strength (right hand)
Scrolls
 d - 3 scrolls of identify
 j - 2 scrolls of magic mapping {unknown}
Potions
 k - a potion of curing {unknown}
Books
 c - a book of Spatial Translocations
Comestibles
 f - a bread ration

Dungeon Overview and Level Annotations

Branches:
Dungeon (1/15)

Altars:


Message History

The ooze hits you but does no damage.
You hit the ooze but do no damage.
The ooze is severely wounded.
The ooze hits you.
You are too injured to fight recklessly!
You are too injured to fight recklessly!
You are too injured to fight recklessly!
You are too injured to fight recklessly!
You are too injured to fight recklessly!
You are too injured to fight recklessly!
You are too injured to fight recklessly!
You are too injured to fight recklessly!
You are too injured to fight recklessly!
You are too injured to fight recklessly!
You are too injured to fight recklessly!
You are too injured to fight recklessly!
You are too injured to fight recklessly!
You are too injured to fight recklessly!
You are too injured to fight recklessly!
You hit the ooze but do no damage.
The ooze is severely wounded.
The ooze hits you but does no damage. The ooze hits you.
You hit the ooze but do no damage.
The ooze is severely wounded.
The ooze barely misses you.
You hit the ooze.
You kill the ooze!
You have reached level 3!
Your experience leads to an increase in your attributes!
Your base attributes are Str 15, Int 12, Dex 10.
Increase (S)trength, (I)ntelligence, or (D)exterity?
You feel stronger.
You closely miss the hobgoblin.
The hobgoblin hits you but does no damage.
You hit the hobgoblin but do no damage. You block the hobgoblin's attack.
You hit the hobgoblin.
The hobgoblin is almost dead.
The hobgoblin hits you with a club. x2
You completely miss the hobgoblin.
The hobgoblin is almost dead.
The hobgoblin hits you with a club.
You hit the hobgoblin.
You kill the hobgoblin!
You barely miss the rat. You block the rat's attack.
You barely miss the rat. You block the rat's attack.
You closely miss the rat. You block the rat's attack.
The rat barely misses you.
You closely miss the rat. You block the rat's attack.
You closely miss the rat. The rat bites you.
You die...

#. #. ######## #.
#......###########.
#..................
#.(.....###########
#..............
#......########
#.@....# #r######
#)#### #..)r#
####.######
#........#
###..##..# ..... .#
...g..[.


You could see a rat.

Action                   || total
-------------------------++-------
Melee: Hand axe          ||    64
 Abil: Dig               ||     1
  Use: Scroll            ||     1
Armor: Leather armour    ||    19
Dodge: Dodged            ||    18
Block: Large shield      ||    31

Notes
Turn   | Place    | Note
--------------------------------------------------------------
     0 | D:1      | Duffy the Formicid Warper began the quest for the Orb.
     0 | D:1      | Reached XP level 1. HP: 16/16 MP: 3/3
   375 | D:1      | Reached XP level 2. HP: 22/22 MP: 5/5
   506 | D:1      | Reached skill level 1 in Shields
   601 | D:1      | Reached XP level 3. HP: 9/27 MP: 6/6
   614 | D:1      | Slain by a rat

Skill      XL: |  1  2 |
---------------+-------+-----
Shields        | 1 |  1.4
Fighting       | |  2.1
Axes           | |  2.9
Throwing       | |  1.0
Armour         | |  1.1
Dodging        | |  1.7
Spellcasting   | |  2.1
Translocations | |  2.6

Vault maps used:
D:1:      scummos_arrival_forest, st_stairs_5

Vanquished Creatures
  An ooze
  A giant gecko
  A bat
  3 hobgoblins
  2 jackals
  2 kobolds
  A goblin
  4 rats
15 creatures vanquished.
